 Seeded DCSS version 0.30.0-15-g856e2d3f33 (webtiles) character file.

Game seed: 10394152756683768775 (custom seed)

18252 Pimp the Blocker (level 12, -13/107 HPs)
             Began as a Red Draconian Monk on May 18, 2023.
             Was a High Priest of Okawaru.
             Mangled by an orc warrior
             ... wielding a +1 glaive of distortion
              (16 damage)
             ... on level 2 of the Orcish Mines.
             The game lasted 00:31:39 (13415 turns).

Pimp the Blocker (Red Draconian Monk)              Turns: 13415, Time: 00:31:40

Health: -13/107    AC: 11    Str: 31    XL:     12   Next: 26%
Magic:  17/17      EV: 17    Int: 14    God:    Okawaru [*****.]
Gold:   444        SH: 15    Dex: 19    Spells: 15/18 levels left

rFire   . . .        l - +12 mace of Psychosis {flame, Will+ Str+3}
rCold   + + .        r - +2 kite shield
rNeg    . . .        (body armour unavailable)
rPois   .            D - +2 hat {Stlth+}
rElec   .            (no cloak)
rCorr   .            E - +0 pair of gloves "Goseq" {Str+2}
SInv    .            (no boots)
Will    ++...        (no amulet)
Stlth   +++          g - ring "Ysirijeh" {Ice Str+7 Int+3}
HPRegen 0.37/turn    z - ring of Feit {rC+ Will+ Int+2 Dex+6}
MPRegen 0.15/turn

%: clarity
@: studying Translocations
A: breathe fire, AC +8, unfitting armour, fire resistance 1, cold-blooded,
clarity, dopey 1
a: Breathe Fire, Renounce Religion, Heroism, Finesse, Duel


You were on level 2 of the Orcish Mines.
You worshipped Okawaru.
Okawaru was extremely pleased with you.
You visited 3 branches of the dungeon, and saw 15 of its levels.
You also visited: Sewer, Bailey, Gauntlet and Ice Cave.

You collected 892 gold pieces.
You spent 448 gold pieces at shops.

Inventory:

Hand Weapons
 a - a +1 mace
 l - the +12 mace of Psychosis (weapon) {flame, Will+ Str+3}
   (You found it on level 2 of the Dungeon)

   Str:       It affects your strength (+3).
   Will:      It increases your willpower.
Missiles
 o - 6 throwing nets
Armour
 c - an orb of light
 d - a scarf of harm
 h - the +0 pair of gloves of Limited Liability {rF++ Will- SInv}
   (You found it in a Gauntlet)

   rF:        It greatly protects you from fire.
   SInv:      It lets you see invisible.
   Will:      It decreases your willpower.
 r - a +2 kite shield (worn)
 D - a +2 hat of stealth (worn)
 E - the +0 pair of gloves "Goseq" (worn) {Str+2}
   (Okawaru gifted it to you on level 10 of the Dungeon)

   Str:       It affects your strength (+2).
Magical Staves
 b - the staff of air "Ahufag" {rElec rPois rCorr Dex+3 SInv}
   (You found it in a bailey)

   [staff of air]

   Base accuracy: +5 Base damage: 5 Base attack delay: 1.2 This weapon's minimum
   attack delay (0.6) is reached at skill level 12.
   Dex:       It affects your dexterity (+3).
   rElec:     It insulates you from electricity.
   rPois:     It protects you from poison.
   SInv:      It lets you see invisible.
   rCorr:     It protects you from acid and corrosion.
   It falls into the 'Staves' category.
   It is a one-handed weapon.
Jewellery
 g - the ring "Ysirijeh" (left hand) {Ice Str+7 Int+3}
   (You found it in a Gauntlet)

   [ring of ice]

   It enhances your ice magic.
   Str:       It affects your strength (+7).
   Int:       It affects your intelligence (+3).
   rF:        It makes you vulnerable to fire.
   rC:        It protects you from cold.
 i - a ring of protection from fire
 p - a ring of wizardry
 s - a +6 ring of strength
 u - a ring of poison resistance
 y - a ring of magical power
 z - the ring of Feit (right hand) {rC+ Will+ Int+2 Dex+6}
   (You found it in a bailey)

   [ring of dexterity]

   Int:       It affects your intelligence (+2).
   Dex:       It affects your dexterity (+6).
   rC:        It protects you from cold.
   Will:      It increases your willpower.
 K - a +5 ring of evasion
 N - a ring of fire
Wands
 j - a wand of polymorph (6)
 t - a wand of charming (24)
 v - a wand of iceblast (28) (quivered)
 w - a wand of mindburst (14)
 C - a wand of flame (48)
 G - a wand of quicksilver (3)
Scrolls
 e - 3 scrolls of identify
 f - 3 scrolls of enchant weapon
 m - 2 scrolls of amnesia
 x - 5 scrolls of blinking
 F - 4 scrolls of enchant armour
 H - a scroll of teleportation
 M - a scroll of fear
 O - a scroll of magic mapping
Potions
 k - 2 potions of magic
 n - 2 potions of flight
 q - 4 potions of brilliance
 A - a potion of attraction
 B - a potion of cancellation
 J - a potion of might
Miscellaneous
 I - a piece from Xom's chessboard (15/15)


   Skills:
 + Level 10.5 Fighting
 + Level 9.7 Maces & Flails
 + Level 8.8 Dodging
 + Level 11.1 Shields
 + Level 3.5 Spellcasting
 + Level 4.6 Fire Magic
 + Level 3.7 Poison Magic


You had 15 spell levels left.
You knew the following spells:

 Your Spells              Type           Power      Damage    Failure   Level
a - Ignite Poison         Fire/Tmut/Pois 10%        N/A       30%         3

Your spell library contained the following spells:

 Spells                   Type           Power      Damage    Failure   Level
 Kiss of Death            Conj/Necr      8%         2d6       30%         1
 Necrotise                Necr           8%         1d4       30%         1
 Shock                    Conj/Air       8%         1d3       30%         1
 Volatile Blastmotes      Fire/Tloc      16%        2d11      34%         3
 Ensorcelled Hibernation  Hex/Ice        6%         N/A       43%         2
 Passwall                 Tmut/Erth      1%         N/A       43%         2
 Sublimation of Blood     Necr           2%         N/A       43%         2
 Wereblood                Tmut           2%         N/A       43%         2
 Confusing Touch          Hex            2%         N/A       67%         3
 Portal Projectile        Hex/Tloc       4%         N/A       67%         3
 Swiftness                Air            2%         N/A       67%         3
 Airstrike                Air            1%         2d(1-17)  97%         4
 Anguish                  Hex/Necr       1%         N/A       97%         4
 Cause Fear               Hex            1%         N/A       97%         4
 Dispel Undead            Necr           2%         3d7       97%         4
 Fulminant Prism          Conj/Hex       1%         3d5       97%         4
 Iskenderun's Mystic Bla  Conj/Tloc      2%         2d3       97%         4
 Leda's Liquefaction      Hex/Erth       1%         N/A       97%         4
 Blade Hands              Tmut           1%         N/A       100%        5
 Lee's Rapid Deconstruct  Erth           1%         3d4*      100%        5
 Silence                  Hex/Air        1%         N/A       100%        5
 Yara's Violent Unravell  Hex/Tmut       1%         3d3       100%        5
 Iron Shot                Conj/Erth      1%         9d1       100%        6
 Enfeeble                 Hex            1%         N/A       100%        7
 Call Canine Familiar     Summ           Unusable   N/A       N/A         3
 Summon Guardian Golem    Hex/Summ       Unusable   N/A       N/A         3
 Animate Armour           Summ/Erth      Unusable   N/A       N/A         4
 Animate Dead             Necr           Unusable   N/A       N/A         4
 Summon Hydra             Summ           Unusable   N/A       N/A         7
 Infestation              Necr           Unusable   N/A       N/A         8
 Dragon's Call            Summ           Unusable   N/A       N/A         9

Dungeon Overview and Level Annotations

Branches:
Dungeon (12/15)            Temple (1/1) D:7            Lair (0/5) D:8
    Orc (2/2) D:9           Sewer (visited)          Bailey (visited)
  IceCv (visited)         Gauntlet (visited)
    Elf: Orc:2

Altars:
Cheibriados
Elyvilon
Gozag
Kikubaaqudgha
Makhleb
Nemelex Xobeh
Okawaru
Qazlal
Ru
Sif Muna
Trog
Vehumet
Wu Jian
Xom
Zin
The Shining One

Shops:
D:5 *   D:7 *   D:11 [!??

Annotations:
D:5 3 runed translucent doors, AverageBear's ghost, novice OpFi
D:6 1 runed translucent door, Fractals's ghost, novice DrHW
D:10 3 runed translucent doors, ojifijod's ghost, journeyman HOGl
D:11 2 transporters


Innate Abilities, Weirdness & Mutations

You can breathe blasts of fire.
Your fiery red scales are hard. (AC +8)
You cannot fit into any form of body armour.
Your flesh is heat resistant. (rF+)
You are cold-blooded and may be slowed by cold attacks.
You possess an exceptional clarity of mind.
You are dopey. (Int -2)


Message History

The warg barely misses you.
You hit the troll. You burn the troll. You tail-slap the troll!
The troll is moderately wounded.
The orc warrior hits you from afar with a +1 glaive of distortion!!
Space warps around you.
The orc throws a boomerang.
You block the boomerang. The warg closely misses you. The warg bites you!
You sock the troll! You burn the troll.
The troll is heavily wounded.
The warg barely misses you. The warg misses you.
You block the orc warrior's attack.
The orc throws a boomerang.
The boomerang barely misses you. You block the troll's attack. x2
The troll claws you. The warg bites you but does no damage.
The warg attacks as you move away! The warg closely misses you.
Found an escape hatch in the ceiling.
You block the warg's attack. You block the orc's attack. The troll bites you!
The troll closely misses you. You block the troll's attack.
The warg completely misses you.
Items here: )) ††.
The troll attacks as you move away! The troll bites you!
You block the troll's attack. x2; The warg attacks as you move away!
The warg bites you but does no damage.
Found 20 gold pieces.
The troll attacks as you move away! You block the troll's attack.
The troll closely misses you. You block the troll's attack.
You block the orc warrior's attack.
An orc warrior comes into view.
It is wielding a +0 flail of holy wrath.
The orc throws a boomerang.
The boomerang misses you. The troll attacks as you move away!
The troll bites you!
* * * LOW HITPOINT WARNING * * *
You block the troll's attack. The troll claws you.
* * * LOW HITPOINT WARNING * * *
An orc comes into view. It is wielding a +0 whip.
The orc warrior no longer looks unusually strong.
The orc knight roars a battlecry!
The orcs go into a battle-frenzy!
The orc shouts!
There is an escape hatch in the ceiling here.
You hear a shout! x2
The orc warrior hits you from afar with a +1 glaive of distortion!!
* * * LOW HITPOINT WARNING * * *
Space warps horribly around you!
You die...

# ### ..#####.###
.....#.@..##
......#T...###
........o.##.###
.#o....#o.h#....#.
........#o.........
......$...ho........
...........)#.......#
............#)#.......
...........#)..#......


You could see an orc knight, a troll, 2 wargs, an orc warrior (strong) and 3
orcs.

Vanquished Creatures
  Gastronok (D:9)
  A two-headed ogre (D:11)
  A boulder beetle (D:12)
  Pikel (D:6)
  2 wizards (Gauntlet)
  A manticore (D:12)
  2 ugly things (IceCv)
  3 ice statues (IceCv)
  Joseph (D:7)
  A kobold demonologist (D:10)
  Maggie (D:7)
  A komodo dragon (D:11)
  A polar bear (shapeshifter) (D:12)
  3 trolls
  A hornet (D:9)
  Sigmund (D:2)
  A shadow (D:11)
  2 centaur simulacra (Gauntlet)
  A dire elephant simulacrum (IceCv)
  4 wyverns (D:9)
  Grum (Bailey)
  3 steam dragons
  15 yaks
  A basilisk (D:12)
  A death yak simulacrum (IceCv)
  3 vampire mosquitoes (D:12)
  3 harpy simulacra
  Edmund (D:6)
  4 water moccasins (D:8)
  Pargi (Sewer)
  An ice beast (D:6)
  3 sky beasts
  4 black bears
  6 ogres
  5 wolves (Bailey)
  3 centaurs
  2 lemures (D:6)
  3 kobold brigands
  Blork the orc (D:6)
  8 gnoll sergeants
  A scorpion (D:5)
  5 wights (D:5)
  A cane toad simulacrum (IceCv)
  A killer bee (D:8)
  6 howler monkeys
  6 hounds
  4 jellies
  7 gnoll boudas (Bailey)
  11 orc priests
  2 sleepcaps (D:7)
  2 iguanas
  7 orc wizards
  2 wolf simulacra (IceCv)
  13 gnolls
  8 adders
  7 shadow imps
  2 white imps
  An ufetubus (D:5)
  5 dart slugs
  26 orcs
  8 ball pythons
  9 endoplasms
  2 giant cockroaches
  5 goblins
  9 hobgoblins
  2 quokkas
  A bat (D:2)
  8 frilled lizards
  17 kobolds
  4 rats
281 creatures vanquished.

Notes
Turn   | Place    | Note
-------+----------+-------------------------------------------
     0 | D:1      | Pimp the Draconian Monk began the quest for the Orb.
     0 | D:1      | Reached XP level 1. HP: 19/19 MP: 1/1
   181 | D:1      | Reached XP level 2. HP: 26/26 MP: 2/2
   819 | D:2      | Found a faded altar of an unknown god.
   937 | D:2      | Reached XP level 3. HP: 33/33 MP: 3/3
  1221 | D:2      | Identified the +12 mace of Psychosis {flame, Will+ Str+3}
  1415 | D:2      | Noticed Sigmund
  1422 | D:2      | Killed Sigmund
  1423 | D:2      | Reached XP level 4. HP: 26/41 MP: 4/4
  1423 | D:2      | Reached XP level 5. HP: 30/47 MP: 5/5
  2576 | D:4      | Reached skill level 5 in Fighting
  2734 | D:4      | Reached XP level 6. HP: 56/56 MP: 6/6
  3330 | D:5      | Entered Level 5 of the Dungeon
  3343 | D:5      | Found a runed translucent gate.
  3343 | D:5      | Found a runed translucent gate.
  3343 | D:5      | Found a runed translucent gate.
  3378 | D:5      | Noticed AverageBear's ghost (novice OpFi)
  3386 | D:5      | Reached skill level 1 in Shields
  3427 | D:5      | Found Xageaddie's General Store.
  3463 | D:5      | Bought a potion of heal wounds for 60 gold pieces
  3503 | D:5      | Reached skill level 2 in Shields
  3503 | D:5      | Your scales start taking on a fiery red colour.
  3503 | D:5      | Reached XP level 7. HP: 61/61 MP: 7/7
  3503 | D:5      | Gained mutation: Your flesh is heat resistant. (rF+) [Red
                  | Draconian growth]
  3504 | D:5      | Reached skill level 5 in Maces & Flails
  3545 | D:5      | Reached skill level 3 in Shields
  3856 | D:6      | Noticed a steam dragon
  3866 | D:6      | Killed a steam dragon
  3867 | D:6      | Reached skill level 5 in Dodging
  3870 | D:6      | Reached skill level 4 in Shields
  3870 | D:6      | Reached XP level 8. HP: 54/70 MP: 8/8
  4020 | D:6      | Noticed Blork the orc
  4026 | D:6      | Killed Blork the orc
  4035 | D:6      | Found a sacrificial altar of Ru.
  4036 | D:6      | Noticed Pikel
  4060 | D:6      | Reached skill level 5 in Shields
  4066 | D:6      | Killed Pikel
  4067 | D:6      | Reached skill level 6 in Shields
  4150 | D:6      | Found a white marble altar of Elyvilon.
  4185 | D:6      | Reached XP level 9. HP: 79/79 MP: 9/9
  4191 | D:6      | Noticed Edmund
  4207 | D:6      | Killed Edmund
  4469 | D:6      | Found a glowing drain.
  4473 | Sewer    | Entered a sewer
  4712 | Sewer    | Noticed Pargi
  4730 | Sewer    | Killed Pargi
  4856 | D:6      | Found a runed translucent door.
  4856 | D:6      | Found a shimmering altar of Xom.
  4856 | D:6      | Noticed Fractals's ghost (novice DrHW)
  4856 | D:6      | Noticed a +2 rapier of chaos
  5135 | D:7      | Found Buaseuput's Assorted Antiques.
  5162 | D:7      | Reached skill level 7 in Shields
  5277 | D:7      | Noticed Joseph
  5290 | D:7      | Killed Joseph
  5530 | D:7      | Found a staircase to the Ecumenical Temple.
  5561 | Temple   | Entered the Ecumenical Temple
  5583 | Temple   | Became a worshipper of Warmaster Okawaru
  5583 | Temple   | Reached * piety under Okawaru
  5583 | Temple   | Reached ** piety under Okawaru
  5847 | D:7      | Noticed Maggie
  5859 | D:7      | Killed Maggie
  6026 | D:8      | Reached skill level 8 in Shields
  6052 | D:8      | Found a staircase to the Lair.
  6058 | D:8      | Reached XP level 10. HP: 88/88 MP: 10/10
  6153 | D:8      | Reached *** piety under Okawaru
  7481 | D:9      | Found a flagged portal.
  7488 | Bailey   | Entered a bailey
  7812 | Bailey   | Reached skill level 9 in Shields
  7829 | Bailey   | HP: 4/90 [gnoll sergeant/+0 halberd (8)]
  7830 | Bailey   | HP: 1/90 [wolf (4)]
  7857 | Bailey   | Identified the ring of Feit {rC+ Will+ Int+2 Dex+6}
  8160 | Bailey   | Noticed Grum
  8198 | Bailey   | Killed Grum
  8454 | Bailey   | Identified the staff of air "Ahufag" {rElec rPois rCorr
                  | Dex+3 SInv}
  8457 | Bailey   | Got the Papyrus of the Spider and Despicable Ceremonies
  8664 | D:9      | Reached **** piety under Okawaru
  8665 | D:9      | Found a staircase to the Orcish Mines.
  8957 | D:9      | Reached skill level 10 in Shields
  9039 | D:9      | Reached XP level 11. HP: 78/97 MP: 11/11
  9319 | D:9      | Noticed Gastronok
  9338 | D:9      | Killed Gastronok
  9338 | D:9      | Reached ***** piety under Okawaru
  9350 | D:9      | Learned a level 3 spell: Ignite Poison
  9600 | D:10     | Entered Level 10 of the Dungeon
  9623 | D:10     | Identified the +0 pair of gloves "Goseq" {Str+2} (Okawaru
                  | gifted it to you on level 10 of the Dungeon)
  9623 | D:10     | Received a gift from Okawaru
  9631 | D:10     | Reached skill level 1 in Fire Magic
  9708 | D:10     | Found a runed translucent gate.
  9708 | D:10     | Found a runed translucent gate.
  9708 | D:10     | Found a runed translucent gate.
  9715 | D:10     | Noticed ojifijod's ghost (journeyman HOGl)
  9805 | D:10     | Reached skill level 1 in Spellcasting
  9805 | D:10     | Reached skill level 1 in Poison Magic
 10121 | D:11     | Found Tycyruof's Magic Scroll Shoppe.
 10123 | D:11     | Found a gate leading to a gauntlet.
 10129 | D:11     | Bought a scroll of teleportation for 39 gold pieces
 10129 | D:11     | Bought a scroll of blinking for 97 gold pieces
 10154 | Gauntlet | Entered a Gauntlet
 10154 | Gauntlet | Found a transporter.
 10157 | Gauntlet | Found a runed translucent door.
 10157 | Gauntlet | Found a transporter.
 10157 | Gauntlet | Noticed a wizard
 10159 | Gauntlet | Noticed a wizard
 10170 | Gauntlet | Found a transporter.
 10172 | Gauntlet | Found a transporter.
 10180 | Gauntlet | Found a transporter.
 10180 | Gauntlet | Found a transporter.
 10181 | Gauntlet | Found a transporter.
 10182 | Gauntlet | Found a transporter.
 10241 | Gauntlet | Found a transporter.
 10241 | Gauntlet | Found a transporter.
 10250 | Gauntlet | Found a runed translucent door.
 10251 | Gauntlet | Found a transporter.
 10253 | Gauntlet | Found a runed translucent door.
 10254 | Gauntlet | Noticed a large abomination
 10302 | Gauntlet | Found a transporter.
 10326 | Gauntlet | Killed a wizard
 10329 | Gauntlet | Killed a wizard
 10371 | Gauntlet | Gained mutation: You are dopey. (Int -2) [potion of
                  | mutation]
 10371 | Gauntlet | Gained mutation: You possess an exceptional clarity of
                  | mind. [potion of mutation]
 10379 | Gauntlet | Identified the ring "Ysirijeh" {Ice Str+7 Int+3}
 10386 | Gauntlet | Identified the +0 pair of gloves of Limited Liability {rF++
                  | Will- SInv}
 10413 | Gauntlet | Noticed a minotaur
 10428 | Gauntlet | Got the Monograph on Evil Companions
 10783 | D:11     | Noticed an orc high priest
 10798 | D:11     | Found a transporter.
 10799 | D:11     | Found a transporter.
 10936 | D:11     | Reached skill level 10 in Fighting
 11014 | D:11     | Noticed a two-headed ogre
 11022 | D:11     | Found Ykulaol's Magic Scroll Boutique.
 11023 | D:11     | Got the Atlas of Beguiling and Accomplices
 11031 | D:11     | Killed a two-headed ogre
 11156 | D:11     | Found Voodd's Distillery.
 11162 | D:11     | Bought a potion of curing for 42 gold pieces
 11162 | D:11     | Bought a potion of heal wounds for 70 gold pieces
 11162 | D:11     | Bought a potion of heal wounds for 70 gold pieces
 11162 | D:11     | Bought a potion of heal wounds for 70 gold pieces
 11211 | D:11     | Found Timuam's Antique Armour Emporium.
 11928 | D:12     | Noticed a boulder beetle
 11957 | D:12     | Killed a boulder beetle
 11958 | D:12     | Reached XP level 12. HP: 61/106 MP: 16/16
 12344 | Orc:1    | Entered Level 1 of the Orcish Mines
 12537 | Orc:2    | Entered Level 2 of the Orcish Mines
 12543 | Orc:2    | Found a frozen archway.
 12547 | IceCv    | Entered an ice cave
 12791 | IceCv    | Reached skill level 11 in Shields
 13045 | IceCv    | HP: 5/107 [ice statue/bolt of cold (1)]
 13415 | Orc:2    | HP: 3/107 [orc warrior/+1 glaive of distortion (26)]
 13415 | Orc:2    | Mangled by an orc warrior

Illustrated notes

Levels and vault maps discovered:
D:1:      dpeg_arrival_stonehenge_12_columns, layout_loops_ring
D:2:      layout_loops_corners, ebering_ecumenical_altar_hall,
          uniq_crazy_yiuf_cottage, uniq_sigmund
D:3:      layout_basic
D:4:      layout_loops_ring
D:5:      layout_rooms, serial_shops, nicolae_shop_window_shopping,
          gammafunk_ghost_icy, minmay_manual_mares
D:6:      layout_gridville, elyvilon_altar_1, ebering_ghost_xom,
          gup_sewer_entry_bowl, hangedman_decor_diamond_cutter,
          skrybe_limestone_x, kennysheep_diamond, uniq_blork_the_orc,
          uniq_pikel, uniq_edmund
D:7:      layout_gridville, temple_statues, serial_shops,
          nicolae_shop_advertising_works [nicolae_subvault_shop_adworks],
          uniq_maggie, uniq_joseph
D:8:      layout_layer_cave, due_lair_maze_entry_diamond,
          minmay_misc_feat_secret_circle
D:9:      layout_gridville, orc_0_dummy, enter_bailey_2, uniq_gastronok
D:10:     layout_rooms, ebering_ghost_rock_garden
D:11:     gammafunk_wand_slinger, layout_small_grid, gauntlet_entry_generic,
          serial_shops, shop, shop, nicolae_lakefront_shop, shop
D:12:     layout_roguey
Temple:   compressed_dpeg_triangle_lava_temple
Orc:1:    layout_caves
Orc:2:    grunt_orc_cross, layout_caves, portal_ice_cave_entry_pillars_2,
          led_sif_book

Skill      XL: |  1  2  3  4  5  6  7  8  9 10 11 12 |
---------------+-------------------------------------+-----
Dodging        | 3 4 5 6 7 8 |  8.8
Fighting       | 4 5 6 7 8 9 10 | 10.5
Maces & Flails | 4 5 6 7 8 9 |  9.7
Shields        | 2 4 6 8 10 11 | 11.1
Fire Magic     | 3 4 |  4.6
Spellcasting   | 2 3 |  3.5
Poison Magic   | 3 |  3.7

Action                     |  1- 3 |  4- 6 |  7- 9 | 10-12 || total
---------------------------+-------+-------+-------+-------++-------
  Melee: Mace              |    71 |    56 |   195 |   451 ||   773
         Tailslap          |     8 |     6 |    24 |    85 ||   123
Ability: Breathe Fire      |       |       |       |     6 ||     6
  Evoke: Wand              |       |       |       |     1 ||     1
    Use: Scroll            |       |    10 |     6 |    11 ||    27
         Potion            |       |       |     8 |    15 ||    23
   Stab: Sleeping          |       |       |       |     1 ||     1
         Distracted        |       |       |       |     1 ||     1
 Armour: Skin              |    15 |    23 |    75 |    91 ||   204
  Dodge: Dodged            |    32 |    31 |   159 |   345 ||   567
  Block: Kite shield       |       |    21 |   197 |   448 ||   666
